 Dungeon Crawl Stone Soup version 0.17-a0-2147-gfb20a63 (console) character file.

10175 brucemayne the Cleaver (level 11, -4/84 HPs)
             Began as a Demonspawn Berserker on Oct 24, 2015.
             Was an Elder of Trog.
             Slain by an ogre mage (8 damage)
             ... on level 4 of the Orcish Mines.
             The game lasted 00:21:04 (4044 turns).

brucemayne the Cleaver (Demonspawn Berserker)       Turns: 4044, Time: 00:21:04

Health: -4/84      AC: 16    Str: 23    XL:     11   Next: 32%
Magic:  0/11       EV:  6    Int:  9    God:    Trog [****..]
Gold:   1095       SH:  0    Dex: 12    Spells: 0 memorised, 10 levels left

rFire  . . .     SeeInvis .     w - +3 war axe (chop)
rCold  + . .     Clarity  .     C - +0 plate armour
rNeg   . . .     SustAt   .     (no shield)
rPois  .         Gourm    .     x - +0 hat
rElec  .         Spirit   +     (no cloak)
rCorr  .         Warding  .     (no gloves)
rMut   .         Stasis   .     (no boots)
MR     ++...                    (no amulet)
Stlth  ..........               (no ring)
                                (no ring)

@: exhausted, regenerating, very resistant to hostile enchantments, extremely
unstealthy
A: talons 2, icy blue scales 3, nightstalker 1, spit poison 1, strong 1,
evolution 1, magic shield
a: Spit Poison, Berserk, Trog's Hand, Brothers in Arms, Burn Spellbooks,
Renounce Religion


You were on level 4 of the Orcish Mines.
You worshipped Trog.
Trog was greatly pleased with you.
You were not hungry.

You visited 3 branches of the dungeon, and saw 15 of its levels.

You collected 1179 gold pieces.
You spent 84 gold pieces at shops.

Inventory:

Hand Weapons
 a - a +0 hand axe
 q - a +2 flail of venom
 w - a +3 war axe of chopping (weapon)
 B - a +0 battleaxe
Armour
 b - a +0 animal skin
 e - a +0 ring mail
 r - the +1 ring mail of Derecoh {Stlth+}
   (You found it on level 4 of the Dungeon)

   It makes you more stealthy.
 x - a +0 hat (worn)
 z - the +0 ring mail of a volcano {+Inv rN+ Int+3}
   (You found it on level 4 of the Dungeon)

   It affects your intelligence (+3).
   It protects you from negative energy.
   It lets you turn invisible.
 C - a +0 plate armour (worn)
Jewellery
 i - an uncursed amulet of resist mutation
Wands
 o - a wand of disintegration (22)
Scrolls
 d - a scroll of fear {unknown}
 g - a scroll of immolation
 l - 3 scrolls of identify
 n - a scroll of amnesia {unknown}
 D - a scroll of summoning {unknown}
 H - a scroll of enchant armour {unknown}
 I - a scroll of teleportation {unknown}
Potions
 f - 2 potions of brilliance
 h - a potion of poison {unknown}
 j - a potion of degeneration {unknown}
 k - a potion of cancellation
 p - a potion of heal wounds {unknown}
 v - a potion of might {unknown}
Books
 c - a Young Poisoner's Handbook

   Spells                             Type                      Level
   a - Sting                          Conjuration/Poison           1
   b - Cure Poison                    Poison                       2
   c - Mephitic Cloud                 Conjuration/Poison/Air       3
   d - Olgreb's Toxic Radiance        Poison                       4
   e - Venom Bolt                     Conjuration/Poison           5
   Trog disapproves of the use of such an item.
 s - a book of Summonings

   Spells                             Type                      Level
   a - Recall                         Summoning/Translocation      3
   b - Aura of Abjuration             Summoning                    5
   c - Shadow Creatures               Summoning                    5
   d - Summon Demon                   Summoning                    5
   e - Summon Forest                  Summoning/Translocation      5
   f - Summon Mana Viper              Hexes/Summoning              5
   Trog disapproves of the use of such an item.
 u - a Fen Folio

   Spells                             Type                      Level
   a - Corpse Rot                     Necromancy                   2
   b - Stone Arrow                    Conjuration/Earth            3
   c - Leda's Liquefaction            Hexes/Earth                  4
   d - Summon Forest                  Summoning/Translocation      5
   e - Hydra Form                     Transmutation                6
   f - Summon Hydra                   Summoning                    7
   Trog disapproves of the use of such an item.
 y - a book of Battle

   Spells                             Type                      Level
   a - Infusion                       Charms                       1
   b - Shroud of Golubria             Charms/Translocation         2
   c - Song of Slaying                Charms                       2
   d - Spectral Weapon                Hexes/Charms                 3
   e - Regeneration                   Charms/Necromancy            3
   Trog disapproves of the use of such an item.
 E - a book of the Earth

   Spells                             Type                      Level
   a - Leda's Liquefaction            Hexes/Earth                  4
   b - Bolt of Magma                  Conjuration/Fire/Earth       5
   c - Statue Form                    Transmutation/Earth          6
   d - Iron Shot                      Conjuration/Earth            6
   e - Shatter                        Earth                        9
   Trog disapproves of the use of such an item.
 F - a book of Conjurations

   Spells                             Type                      Level
   a - Magic Dart                     Conjuration                  1
   b - Searing Ray                    Conjuration                  2
   c - Dazzling Spray                 Conjuration/Hexes            3
   d - Fulminant Prism                Conjuration/Hexes            4
   e - Iskenderun's Mystic Blast      Conjuration                  4
   f - Iskenderun's Battlesphere      Conjuration/Charms           5
   Trog disapproves of the use of such an item.
 G - a book of Fire

   Spells                             Type                      Level
   a - Ignite Poison                  Fire/Transmutation/Poison    3
   b - Fireball                       Conjuration/Fire             5
   c - Bolt of Fire                   Conjuration/Fire             6
   d - Delayed Fireball               Conjuration/Fire             7
   e - Ring of Flames                 Charms/Fire                  7
   Trog disapproves of the use of such an item.
Comestibles
 m - a meat ration


   Skills:
 - Level 7.0 Fighting
 + Level 13.8 Axes
 + Level 6.4 Armour
 - Level 1.7 Dodging


You had 10 spell levels left.
You didn't know any spells.

Dungeon Overview and Level Annotations

Branches:
Dungeon (10/15)              Lair (0/8) D:10            Orc (4/4) D:10
    Elf (1/3) Orc:4
 Temple: D:4-7

Altars:
Gozag
Kikubaaqudgha
Makhleb
Xom
The Shining One
Beogh

Shops:
D:4 (   D:6 *   Orc:4 ([*!


Innate Abilities, Weirdness & Mutations

You have razor-sharp toenails.
You are completely covered in icy blue scales (AC +4, EV -1, rC+).
You are slightly more attuned to the shadows.
When hurt, damage is shared between your health and your magic reserves.
You can spit weak poison.
Your muscles are strong. (Str +2)
You evolve.


Message History

Unknown command.
You barely miss the ogre. You claw the ogre.
The ogre is severely wounded.
You hit something. The ogre hits you but does no damage.
Something hits you but does no damage.
Unknown command.
You closely miss something. You claw something. You hit the ogre.
The ogre is severely wounded.
Something hits you.
* * * LOW HITPOINT WARNING * * *
The ogre hits you with a giant spiked club!
* * * LOW HITPOINT WARNING * * *
Unknown command.
You hit something. You claw something. You closely miss the ogre.
The ogre is severely wounded.
Something hits you but does no damage.
The ogre hits you with a giant spiked club.
* * * LOW HITPOINT WARNING * * *
Something hits you!
You die...

.... ..#.o..
.#...o. ##....#. ##
##.#..#..
##.##......#. ###
#.....O.o....
##@#####.....#O....
#){O#.###..#####...
##.#o..#..{.#..##o.
##..#.###..........
#.....#.....>...)..
##.................
####.....#..#.)$..
#........#.).###
##..#.......## .


You could see an ogre and an orc.

Vanquished Creatures
  4 ogre magi
  An orc sorcerer (Orc:2)
  A cyclops (Orc:4)
  8 two-headed ogres (Orc:4)
  A deep elf mage (Elf:1)
  Edmund (D:6)
  A warg (Orc:2)
  12 orc warriors
  A sky beast (D:9)
  3 centaurs
  24 ogres
  2 giant frogs
  A scorpion (D:4)
  A wight (D:8)
  18 orc priests
  A jelly (D:8)
  14 orc wizards
  2 centaur skeletons
  4 worker ants
  3 gnolls (D:3)
  5 adders
  2 shadow imps
  An ooze (D:3)
  2 worms
  A giant gecko (D:3)
  101 orcs
  A bat (D:1)
  7 giant cockroaches
  2 hobgoblins (D:1)
  A quokka (D:3)
  2 goblins (D:1)
  A jackal skeleton (D:4)
  4 kobolds
  A quokka skeleton (D:4)
  A rat (D:3)
235 creatures vanquished.

Notes
Turn   | Place    | Note
--------------------------------------------------------------
     0 | D:1      | brucemayne the Demonspawn Berserker began the quest for the Orb.
     0 | D:1      | Reached XP level 1. HP: 18/18 MP: 1/1
   102 | D:2      | Gained mutation: You have sharp toenails. [demonic ancestry]
   102 | D:2      | Reached XP level 2. HP: 24/24 MP: 2/2
   231 | D:3      | Found an ancient bone altar of Kikubaaqudgha.
   331 | D:3      | Gained mutation: You have razor-sharp toenails. [demonic ancestry]
   331 | D:3      | Reached XP level 3. HP: 29/29 MP: 3/3
   334 | D:3      | Reached skill level 4 in Axes
   467 | D:3      | Reached ** piety under Trog
   469 | D:3      | Found a shimmering altar of Xom.
   476 | D:4      | Noticed a scorpion
   484 | D:4      | Killed a scorpion
   484 | D:4      | Reached skill level 5 in Axes
   484 | D:4      | Reached XP level 4. HP: 35/35 MP: 4/4
   509 | D:3      | Found a shimmering altar of Xom.
   510 | D:3      | Found a shimmering altar of Xom.
   510 | D:3      | Found a shimmering altar of Xom.
   510 | D:3      | Found a shimmering altar of Xom.
   511 | D:3      | Found a shimmering altar of Xom.
   511 | D:3      | Found a shimmering altar of Xom.
   511 | D:3      | Found a shimmering altar of Xom.
   604 | D:5      | Entered Level 5 of the Dungeon
   604 | D:5      | Found a glowing golden altar of the Shining One.
   613 | D:5      | Gained mutation: You are partially covered in icy blue scales (AC +1). [demonic ancestry]
   613 | D:5      | Reached XP level 5. HP: 19/41 MP: 5/5
   677 | D:5      | Noticed a centaur
   699 | D:5      | Killed a centaur
   720 | D:6      | Noticed an ogre
   728 | D:6      | Killed an ogre
   728 | D:6      | Reached skill level 6 in Axes
   728 | D:6      | Gained mutation: You are mostly covered in icy blue scales (AC +3, EV -1). [demonic ancestry]
   728 | D:6      | Reached XP level 6. HP: 47/47 MP: 6/6
   776 | D:6      | Noticed Edmund
   789 | D:6      | Killed Edmund
   852 | D:4      | Got a smoking ring mail
   863 | D:4      | Identified the +1 ring mail of Derecoh {Stlth+} (You found it on level 4 of the Dungeon)
   923 | D:6      | Reached skill level 7 in Axes
   929 | D:6      | Found a burning altar of Makhleb.
  1036 | D:4      | Found Rybox's Antique Weapon Emporium.
  1088 | D:4      | Found an opulent altar of Gozag.
  1248 | D:4      | Bought a runed war axe for 84 gold pieces
  1279 | D:4      | Reached XP level 7. HP: 52/52 MP: 7/7
  1284 | D:4      | Got an encrusted ring mail
  1295 | D:4      | Identified the cursed +0 ring mail of a volcano {+Inv rN+ Int+3} (You found it on level 4 of the Dungeon)
  1333 | D:6      | Found Faihium's Profane Products.
  1499 | D:7      | Reached skill level 8 in Axes
  1618 | D:9      | Reached skill level 9 in Axes
  1618 | D:9      | Gained mutation: You are slightly more attuned to the shadows. [demonic ancestry]
  1618 | D:9      | Reached XP level 8. HP: 58/58 MP: 8/8
  1738 | D:9      | Gained mutation: You evolve. [mutagenic meat]
  1739 | D:9      | Gained mutation: Your muscles are strong. (Str +2) [mutagenic meat]
  1802 | D:10     | Entered Level 10 of the Dungeon
  1802 | D:10     | Found a staircase to the Lair.
  1802 | D:10     | Noticed a fire drake
  1879 | D:10     | Found a staircase to the Orcish Mines.
  1948 | Orc:1    | Entered Level 1 of the Orcish Mines
  1974 | Orc:1    | Reached skill level 10 in Axes
  2146 | Orc:2    | Reached *** piety under Trog
  2327 | Orc:1    | Reached XP level 9. HP: 38/63 MP: 9/9
  2460 | Orc:1    | Found a roughly hewn altar of Beogh.
  2463 | Orc:1    | Reached **** piety under Trog
  2642 | Orc:3    | Reached skill level 11 in Axes
  2666 | Orc:2    | Gained mutation: You can spit weak poison. [evolution]
  2828 | Orc:3    | Noticed an ogre mage
  2836 | Orc:3    | Killed an ogre mage
  2836 | Orc:3    | Reached skill level 5 in Fighting
  2923 | Orc:2    | Noticed an orc sorcerer
  2927 | Orc:2    | Paralysed by a chaos spawn for 4 turns
  2933 | Orc:2    | Killed an orc sorcerer
  2933 | Orc:2    | Gained mutation: When hurt, damage is shared between your health and your magic reserves. [demonic ancestry]
  2933 | Orc:2    | Reached XP level 10. HP: 28/76 MP: 10/10
  3024 | Orc:4    | Entered Level 4 of the Orcish Mines
  3290 | Orc:4    | Noticed an ogre mage
  3302 | Orc:4    | Reached skill level 12 in Axes
  3329 | Orc:4    | Noticed an ogre mage
  3331 | Orc:4    | Noticed an ogre mage
  3445 | Orc:4    | Reached skill level 13 in Axes
  3521 | Orc:4    | Killed an ogre mage
  3521 | Orc:4    | Reached skill level 5 in Armour
  3558 | Orc:4    | Noticed an ogre mage
  3558 | Orc:4    | Gained mutation: You are completely covered in icy blue scales (AC +4, EV -1, rC+). [demonic ancestry]
  3558 | Orc:4    | Reached XP level 11. HP: 38/84 MP: 4/11
  3573 | Orc:4    | Killed an ogre mage
  3692 | Orc:4    | Noticed a cyclops
  3723 | Orc:4    | Killed a cyclops
  3766 | Orc:4    | Found Hous's Antique Weapon Shop.
  3766 | Orc:4    | Found Taohoa's Armour Shoppe.
  3767 | Orc:4    | Found Vun Gaunk's General Store.
  3767 | Orc:4    | Found Asach's Distillery.
  3797 | Orc:4    | Found a staircase to the Elven Halls.
  3811 | Elf:1    | Entered Level 1 of the Elven Halls
  3943 | Elf:1    | Noticed a deep elf knight
  3943 | Elf:1    | Noticed a deep elf summoner
  3951 | Elf:1    | Noticed an anubis guard
  3954 | Elf:1    | Noticed a death drake
  3954 | Elf:1    | an anubis guard changed into a death drake
  3956 | Elf:1    | a death drake changed into a faun
  4035 | Orc:4    | Killed an ogre mage
  4044 | Orc:4    | HP: 4/84 [ogre/giant spiked club (5)]
  4044 | Orc:4    | Slain by an ogre mage

Vault maps used:
D:1:      nagdon_arrival_zigzag_paths
D:2:      minmay_overflow_temple_star_quad
D:3:      xom_redecorated, overflow_temple_1_default
D:4:      serial_shops, nicolae_shop_behind_doors, grunt_gozag_breadcrumbs,
          uniq_natasha, uniq_crazy_yiuf_cottage
D:5:      lemuel_coloured_pillars_altar, overflow_temple_1_default, first_bread,
          hangedman_decor_diamond_cutter
D:6:      zin_treasury, minmay_temple_entry_mist, nicolae_evil_shop, uniq_edmund
D:7:      lemuel_doored_altar, serial_shops, kennysheep_mini
D:8:      vehumet_statue
D:9:      lemuel_crystal_altar
D:10:     minmay_lair_entry_lava, orc_0_dummy, uniq_maud, uniq_josephine
Orc:1:    minmay_orc_temple_a
Orc:2:    minmay_orc_temple_c
Orc:3:    nicolae_orc_pool_cavern, mines4_lemuel
Orc:4:    st_orc_ogre_mass, basic_altar, library_closet
Elf:1:    uniq_donald, uniq_aizul

Action                   |  1- 3 |  4- 6 |  7- 9 | 10-12 || total
-------------------------+-------+-------+-------+-------++-------
Melee: Hand axe          |    65 |    73 |       |       ||   138
       War axe           |       |    17 |   235 |   185 ||   437
Invok: Berserk           |     4 |     5 |    10 |     3 ||    22
       Trog's Hand       |       |     2 |     7 |    12 ||    21
Evoke: Wand              |       |       |     1 |       ||     1
  Use: Potion            |       |     1 |     3 |     3 ||     7
       Scroll            |       |       |     7 |       ||     7
 Stab: Sleeping          |       |       |     1 |       ||     1
  Eat: Chunk             |     1 |     5 |    18 |     7 ||    31
       Bread ration      |       |     1 |       |       ||     1
       Beef jerky        |       |       |       |     1 ||     1
       Royal jelly       |       |       |       |     1 ||     1
